 Dungeon Crawl Stone Soup version 0.30-a0-1066-g63dfefce0d (webtiles) character file.

Game seed: 15148217527830380715

27 ytrimaz the Insei (level 2, -1/22 HPs)
             Began as a Demigod Transmuter on Apr 12, 2023.
             Slain by a ball python (3 damage)
             ... on level 2 of the Dungeon.
             The game lasted 00:01:43 (1219 turns).

ytrimaz the Insei (Demigod Transmuter)              Turns: 1219, Time: 00:01:43

Health: -1/22      AC:  2    Str: 11    XL:     2   Next: 72%
Magic:  6/7        EV:  9    Int: 15    God:
Gold:   88         SH:  0    Dex: 14    Spells: 3/4 levels left

rFire   . . .      SeeInvis .      - Unarmed
rCold   . . .      Faith    .    (no shield)
rNeg    . . .      Spirit   .    a - +0 robe
rPois   .          Reflect  .    f - melded +0 helmet
rElec   .          Rampage  .    (no cloak)
rCorr   .                        (no gloves)
Will    .....                    (boots currently unavailable)
Stlth   +                        (no amulet)
HPRegen 0.23/turn                (no ring)
MPRegen 0.10/turn                (no ring)

@: appendages, constricted
A: horns 2, talons 2, high MP 1, forlorn, divine attributes
a: End Transformation


You were on level 2 of the Dungeon.
You had temporarily grown beastly horns and talons.
You visited 1 branch of the dungeon, and saw 2 of its levels.

You collected 88 gold pieces.


Innate Abilities, Weirdness & Mutations

You have temporarily grown beastly horns and talons.
You have an increased reservoir of magic. (+10% MP)
You shall have no god before yourself.
Your divine heritage dramatically boosts your attributes as you level up.


   Skills:
 - Level 0.8 Fighting
 - Level 1.7 Dodging
 - Level 2.6 Unarmed Combat
 - Level 1.7 Spellcasting
 - Level 1.7 Transmutations
 + Level 1.5 Ice Magic
 + Level 1.5 Poison Magic


You had 3 spell levels left.
You knew the following spells:

 Your Spells              Type           Power      Damage    Failure   Level
a - Beastly Appendage     Tmut           12%        N/A       11%         1

Your spell library contained the following spells:

 Spells                   Type           Power      Damage    Failure   Level
 Wereblood                Tmut           6%         N/A       17%         2
 Sandblast                Erth           2%         2d4       22%         1
 Passwall                 Tmut/Erth      2%         N/A       24%         2
 Spider Form              Tmut/Pois      6%         N/A       34%         3
 Stone Arrow              Conj/Erth      2%         3d7       56%         3
 Ice Form                 Ice/Tmut       6%         N/A       75%         4

Inventory:

Armour
 a - a +0 robe (worn)
 f - a +0 helmet (melded)
   (You found it on level 1 of the Dungeon)
Scrolls
 c - a scroll of fear
 g - a scroll of magic mapping
Potions
 b - a potion of lignification
 d - a potion of heal wounds {unknown}
 h - 2 potions of mutation
 i - a potion of magic {unknown}

Dungeon Overview and Level Annotations

Branches:
Dungeon (2/15) Zot: 10782

...... ......
......#########
..."..........#
.............#
...........#
#S)l.....#
+.@......#
#.lā€ .....#
#........#
#........#
#........#
#........#
.........#
#.........#
........<##


You could see a ball python and 2 frilled lizards.


Message History

There is an open door here.
There is an escape hatch in the floor here.
You slide downwards.
The hatch slams shut behind you.
The goblin shouts!
You hear an angry hiss.
Okay, then.
Found a stone staircase leading up.
A ball python comes into view.
You miscast Beastly Appendage.
You are very lightly contaminated with residual magic.
Nothing appears to happen.
The ball python hisses angrily.
You hear an angry hiss.
A frilled lizard comes into view. šŸ˜Ž MP[-1]
You lost 1 mp, and now have 6/7 mp.
You barely miss the rat. The rat bites you. šŸ˜• HP[-2]
You take 2 damage, and now have 20/22 hp.
You hit the rat.
You kill the rat!
A frilled lizard comes into view.
The goblin barely misses you.
Unknown command.
You closely miss the goblin.
The frilled lizard hisses angrily.
The ball python bites you. The ball python misses you.
The goblin barely misses you.
The ball python bites you but does no damage.
The ball python misses you. šŸ˜• HP[-3]
You take 3 damage, and now have 17/22 hp.
You hit the goblin. The goblin hits you with a +0 dagger.
The ball python barely misses you. x2
Unknown command.
You closely miss the goblin. The goblin hits you but does no damage.
The ball python closely misses you. The ball python barely misses you.
Your magical contamination has completely faded away.
You completely miss the goblin. The goblin barely misses you.
The ball python misses you. The ball python grabs you.
The ball python constricts you.
You grow a pair of large bovine horns.
Your feet morph into talons.
Your +0 helmet melds into your body.
The goblin hits you with a +0 dagger. The frilled lizard closely misses you.
The ball python closely misses you.
The ball python constricts you. šŸ˜® HP[-2] MP[-1]
You take 2 damage, and now have 15/22 hp.
You lost 1 mp, and now have 5/7 mp.
Unknown command.
You are too injured to fight recklessly!
You are too injured to fight recklessly!
You hit the goblin but do no damage. Your punch misses the goblin.
The ball python closely misses you. The ball python constricts you.
A ball python comes into view.
The frilled lizard bites you. The goblin hits you with a +0 dagger.
The ball python barely misses you. The ball python constricts you.
* * * LOW HITPOINT WARNING * * *
šŸ˜Ø HP[-4] MP[+1]
You take 4 damage, and now have 11/22 hp.
The ball python hisses angrily.
You hit the goblin.
You kill the goblin!
The frilled lizard barely misses you. The ball python bites you.
* * * LOW HITPOINT WARNING * * *
The ball python constricts you.
* * * LOW HITPOINT WARNING * * *
šŸ˜Ø HP[-3]
You take 3 damage, and now have 8/22 hp.
Unknown command.
You hit the ball python.
You kill the ball python!
The frilled lizard bites you.
* * * LOW HITPOINT WARNING * * *
The frilled lizard bites you.
* * * LOW HITPOINT WARNING * * *
šŸ˜Ø HP[-2]
You take 2 damage, and now have 6/22 hp.
The frilled lizard barely misses you. x2
Unknown command.
You closely miss the frilled lizard. Your kick misses the frilled lizard.
Your headbutt misses the frilled lizard.
The frilled lizard unfolds its giant frill.
The frilled lizard barely misses you. The frilled lizard bites you.
* * * LOW HITPOINT WARNING * * *
šŸ˜± HP[-1]
You take 1 damage, and now have 5/22 hp.
You barely miss the frilled lizard. Your kick misses the frilled lizard.
The ball python bites you.
* * * LOW HITPOINT WARNING * * *
The ball python grabs you. The ball python constricts you.
* * * LOW HITPOINT WARNING * * *
The frilled lizard bites you.
* * * LOW HITPOINT WARNING * * *
The frilled lizard bites you but does no damage. šŸ˜± HP[-3]
You take 3 damage, and now have 2/22 hp.
You closely miss the frilled lizard.
You headbutt the frilled lizard, but do no damage.
The ball python bites you.
You die...

Skill      XL: |  1 |
---------------+----+-----
Ice Magic      | 1 |  1.5
Poison Magic   | 1 |  1.5
Fighting       | |  0.8
Dodging        | |  1.7
Unarmed Combat | |  2.6
Spellcasting   | |  1.7
Transmutations | |  1.7

Action                     || total
---------------------------++-------
  Melee: Unarmed           ||    52
         Headbutt          ||     7
         Kick              ||     8
   Cast: Beastly Appendage ||    16
    Use: Scroll            ||     4
   Stab: Sleeping          ||     2
 Armour: Robe              ||     6
  Dodge: Dodged            ||    43

Levels and vault maps discovered:
D:1:      saegor_arrival_under_anarchy, layout_loops_corners
D:2:      layout_basic, chequers_garden

Notes
Turn   | Place    | Note
-------+----------+-------------------------------------------
     0 | D:1      | ytrimaz the Demigod Transmuter began the quest for the Orb.
     0 | D:1      | Reached XP level 1. HP: 15/15 MP: 5/5
     0 | D:1      | magus.rc [v1.9.6]
   324 | D:1      | Reached skill level 1 in Ice Magic
   324 | D:1      | Reached skill level 1 in Poison Magic
   327 | D:1      | Reached XP level 2. HP: 20/22 MP: 5/7
   857 | D:1      | You pick up a book of Geomancy and begin reading...
   857 | D:1      | You add the spells Sandblast, Passwall and Stone Arrow to
                  | your library.
  1217 | D:2      | HP: 5/22 [frilled lizard (1)]
  1218 | D:2      | HP: 2/22 [frilled lizard (1)]
  1219 | D:2      | Slain by a ball python

Vanquished Creatures
  A dart slug (D:1)
  3 endoplasms (D:1)
  A giant cockroach (D:1)
  4 goblins
  2 hobgoblins (D:1)
  3 kobolds (D:1)
  A quokka (D:1)
  5 ball pythons
  A bat (D:1)
  A frilled lizard (D:1)
  A rat (D:2)
23 creatures vanquished.

Table legend:
 A = Non-vault XP
 B = Vault XP
 C = Vault XP percentage of total XP
 D = Non-vault monster count
 E = Vault monster count
 F = Vault count percentage of total count
                 A         B        C        D         E       F
            +---------+---------+-------+---------+---------+-------
      Total |      39 |       0 |   0.0 |      23 |       0 |   0.0
            +---------+---------+-------+---------+---------+-------
        D:1 |      35 |       0 |   0.0 |      20 |       0 |   0.0
        D:2 |       4 |       0 |   0.0 |       3 |       0 |   0.0
            +---------+---------+-------+---------+---------+-------

Illustrated notes

Table legend:
 A = Kills in this place as a percentage of kills in the entire game.
 B = Kills by you in this place as a percentage of kills by you in the entire game.
 C = Kills by friends in this place as a percentage of kills by friends in the entire game.
 D = Other kills in this place as a percentage of other kills in the entire game.
 E = Experience gained in this place as a percentage of experience gained in the entire game.
 F = Experience gained in this place divided by the number of levels of this place that you have seen.
                   A       B       C       D       E      F
               +-------+-------+-------+-------+-------+----------------------
         Total | 100.0 | 100.0 |   N/A |   N/A | 100.0 |  19.5
       Dungeon | 100.0 | 100.0 |   N/A |   N/A | 100.0 |  19.5
               +-------+-------+-------+-------+-------+----------------------

Table legend: (Time is in decaauts)
 A = Elapsed time spent in this place.
 B = Non-inter-level travel time spent in this place.
 C = Inter-level travel time spent in this place.
 D = Time resting spent in this place.
 E = Time spent auto-exploring this place.
 F = Levels seen in this place.
 G = Mean time per level.
                   A        B        C        D        E       F      G
               +--------+--------+--------+--------+--------+-----+--------+
         Total |   1217 |   1147 |     70 |    102 |    867 |   2 |  608.5 |
       Dungeon |   1217 |   1147 |     70 |    102 |    867 |   2 |  608.5 |
               +--------+--------+--------+--------+--------+-----+--------+

Top non-repeatable levels by time:
     D:1: 1200 daAuts
     D:2: 16 daAuts
